 Dungeon Crawl Stone Soup version 0.29.1-4-g47bece8355 (webtiles) character file.

Game seed: 15842397405405322271

304 CungeonDrawl the Magician (level 6, -9/42 HPs)
             Began as a Djinni Conjurer on Dec 5, 2022.
             Mangled by Duvessa
             ... wielding a +0 short sword
              (15 damage)
             ... on level 2 of the Dungeon.
             The game lasted 00:18:29 (5173 turns).

CungeonDrawl the Magician (Djinni Conjurer)         Turns: 5173, Time: 00:18:30

Health: -9/42      AC:  3    Str:  6    XL:     6   Next: 66%
Gold:   126        EV: 12    Int: 22    God:
                   SH:  0    Dex: 11

rFire   + + .      SeeInvis .   n - staff of poison
rCold   x . .      Faith    .   (no shield)
rNeg    . . .      Spirit   .   a - +0 robe
rPois   ∞          Reflect  .   (no helmet)
rElec   .          Harm     .   (no cloak)
rCorr   .          Rampage  .   f - +0 pair of gloves
Will    .....                   (boots unavailable)
Stlth   ++........              p - amulet of the acrobat
HPRegen 0.14/turn               (no ring)
MPRegen 0.00/turn               (no ring)

@: on blink cooldown, flying
A: sickness immunity, fire resistance 2, cold vulnerability 1, float, innate
caster, HP casting, extra vitality 1
a: no special abilities


You were on level 2 of the Dungeon.
You visited 1 branch of the dungeon, and saw 4 of its levels.

You collected 146 gold pieces.
You spent 20 gold pieces at shops.

Inventory:

Armour
 a - a +0 robe (worn)
 f - a +0 pair of gloves (worn)
Magical Staves
 n - a staff of poison (weapon)
Jewellery
 p - an amulet of the acrobat (around neck)
Scrolls
 b - 9 scrolls of identify
 e - a scroll of teleportation {unknown}
 g - 2 scrolls of vulnerability {unknown}
 j - a scroll of magic mapping {unknown}
 m - 2 scrolls of poison
 q - a scroll of butterflies {unknown}
 r - a scroll of summoning {unknown}
Potions
 c - 2 potions of magic {unknown}
 d - 2 potions of cancellation {unknown}
 h - 2 potions of brilliance {unknown}
 i - 2 potions of curing {unknown}
 k - a potion of invisibility {unknown}
 l - a potion of lignification {unknown}
 o - a potion of ambrosia {unknown}


   Skills:
 * Level 1.6 Fighting
 - Level 2.4 Dodging
 - Level 1.8 Stealth
 - Level 5.5 Spellcasting


You couldn't memorise any spells.
You knew the following spells:

 Your Spells              Type           Power      Damage    Failure   Level
a - Magic Dart            Conj           100%       1d8       1%          1
b - Searing Ray           Conj           60%        2d6       1%          2
c - Dazzling Flash        Conj/Hex       60%        N/A       3%          3
d - Fulminant Prism       Conj/Hex       15%        3d11      10%         4
e - Iskenderun's Mystic   Conj/Tloc      30%        2d8       10%         4
f - Summon Small Mammal   Summ           100%       N/A       1%          1
g - Blink                 Tloc           60%        N/A       1%          2
Your spell library was empty.

Dungeon Overview and Level Annotations

Branches:
Dungeon (4/15)
 Temple: D:4-7

Altars:
Ashenzari
Gozag

Shops:
D:1 !   D:2 [   D:3 *

Annotations:
D:2 Duvessa
D:3 3 runed translucent doors, Descartes's ghost, weakling SpWn


Innate Abilities, Weirdness & Mutations

You are immune to sickness and miasma.
You are immune to poison.
Your flesh is very heat resistant. (rF++)
You are vulnerable to cold. (rC-)
You float through the air rather than walking.
You learn spells naturally, not from books.
Your magical power is your life essence.
You have superior vitality. (+4 MHP)


Message History

There is an open door here.
You see here a +0 whip.
You hear a shout!
You hear a shout!
You hear a shout!
You see here a +0 spear.
You hear a shout!
You hear a shout!
You hear a shout!
You hear a shout!
Duvessa is nearby!
The magic dart hits Duvessa but does no damage.
The magic dart hits Duvessa.
Duvessa is lightly wounded.
The magic dart hits Duvessa but does no damage.
Duvessa is lightly wounded.
The magic dart hits Duvessa but does no damage.
Duvessa is lightly wounded.
The magic dart hits Duvessa but does no damage.
Duvessa is lightly wounded.
Duvessa hits you with a +0 short sword. Duvessa hits you with a +0 short sword!
Casting: Magic Dart (safe; 1% risk of failure)
Confirm with . or Enter, or press ? or * to list all spells.
You blink.
Unknown command.
Duvessa hits you with a +0 short sword!
* * * LOW HITPOINT WARNING * * *
There is a stone staircase leading up here.
The air fills with toxic fumes!
As you read the scroll labelled GUONWY BECIASI, it crumbles to dust.
It was a scroll of poison.
You feel stable enough to blink again. Duvessa completely misses you.
Casting: Blink (safe; 1% risk of failure)
Confirm with . or Enter, or press ? or * to list all spells.
You blink.
* * * LOW HITPOINT WARNING * * *
Duvessa is engulfed in poison gas.
Duvessa is poisoned.
Duvessa hits you with a +0 short sword!
You die...

.∩§.8##.# #.#.##.#
#######.# #.#§##.##
..#.# #.# #.#§§...#
###'###.# #.#§##..#
#.....#.# #.#§##..#
#.....#.# #.#§##..#
#.....#.# #.#§##..#
#.....#.#
#.#.##§§#####
#.....#.#
#.#§e@§§§§§.#
#.....#.#
#.#§##§§#§###
#.....#.# #.#§##..§§#
#.....#.####.#§##.####
#..........#.#§##.#
#######.##.#.#§##.#
#######.##.#.#§##.#
........##.#.#§##.#
##########.#.#.##.#


You could see Duvessa (berserk, poisoned).

Vanquished Creatures
  Dowan (D:4)
  2 hounds (D:4)
  An orc priest (D:3)
  7 gnolls (D:2)
  2 adders
  3 worms
  2 dart slugs
  3 orcs (D:3)
  6 ball pythons
  2 bats
  8 endoplasms
  2 giant cockroaches (D:3)
  6 goblins
  6 hobgoblins
  7 kobolds
  A quokka (D:1)
  5 frilled lizards
  7 rats
71 creatures vanquished.

Notes
Turn   | Place    | Note
-------+----------+-------------------------------------------
     0 | D:1      | CungeonDrawl the Djinni Conjurer began the quest for the
                  | Orb.
     0 | D:1      | CungeonDrawl set off with the following spells memorised:
                  | Magic Dart, Searing Ray, Dazzling Flash, Fulminant Prism,
                  | Iskenderun's Mystic Blast.
     0 | D:1      | Reached XP level 1. HP: 15/15 MP: 0/0
   212 | D:1      | Found a faded altar of an unknown god.
   245 | D:1      | Reached XP level 2. HP: 19/21 MP: 0/0
   449 | D:1      | Found Selosot's Distillery.
  1046 | D:1      | Reached XP level 3. HP: 21/25 MP: 0/0
  1046 | D:1      | Learned a level 1 spell: Summon Small Mammal
  1176 | D:2      | Reached skill level 4 in Spellcasting
  1186 | D:2      | Reached XP level 4. HP: 20/31 MP: 0/0
  1923 | D:2      | Found Rawk's Antique Armour Boutique.
  2070 | D:2      | Reached XP level 5. HP: 25/35 MP: 0/0
  2070 | D:2      | Learned a level 2 spell: Blink
  2930 | D:3      | Found a runed translucent gate.
  2962 | D:3      | Found a runed translucent gate.
  2963 | D:3      | Found a runed translucent gate.
  3192 | D:3      | Found a broken altar of Ashenzari.
  3338 | D:3      | Found Enakoipu's General Store.
  3359 | D:3      | Bought a scroll of identify for 20 gold pieces
  3362 | D:3      | Found an opulent altar of Gozag.
  3368 | D:3      | Noticed a black bear
  3368 | D:3      | Noticed Descartes's ghost (weakling SpWn)
  3682 | D:3      | Reached skill level 5 in Spellcasting
  4231 | D:4      | Reached XP level 6. HP: 33/40 MP: 0/0
  4606 | D:4      | Noticed a black bear
  4721 | D:4      | Noticed Duvessa
  4724 | D:4      | Noticed Dowan
  4783 | D:4      | Killed Dowan
  4784 | D:4      | Reached skill level 1 in Fighting
  5173 | D:2      | Mangled by Duvessa

Illustrated notes

Levels and vault maps discovered:
D:1:      lightli_arrival_boilingwater, layout_loops_ring, serial_shops,
          nicolae_shop_stone, shapermc_ecumenical_altar_rom_forum
D:2:      minmay_door_path, layout_basic, serial_shops, nicolae_lakefront_shop
D:3:      layout_basic, ashenzari_conservatory_becter, serial_shops, shop,
          ebering_ghost_gozag, kennysheep_pointless_box
D:4:      layout_cave_pools, kennysheep_generic_room_9, uniq_duvessa

Skill      XL: |  1  2  3  4  5  6 |
---------------+-------------------+-----
Spellcasting   | 4 5 |  5.5
Fighting       | 1 |  1.6
Dodging        | |  2.4
Stealth        | |  1.8

Action                   |  1- 3 |  4- 6 || total
-------------------------+-------+-------++-------
 Cast: Magic Dart        |    47 |   145 ||   192
       Blink             |       |     6 ||     6
  Use: Scroll            |       |     1 ||     1
Armor: Robe              |     2 |     6 ||     8
Dodge: Dodged            |     4 |    25 ||    29
